 Dungeon Crawl Stone Soup version 0.28-a0-1143-gcf6077d4cc (webtiles) character file.

Game seed: 13957946169216019894

59 halfoni the Cudgeller (level 4, -1/36 HPs)
             Began as a Human Berserker on Dec 13, 2021.
             Was a Follower of Trog.
             Slain by a ball python (2 damage)
             ... on level 3 of the Dungeon.
             The game lasted 00:03:02 (1691 turns).

halfoni the Cudgeller (Human Berserker)             Turns: 1691, Time: 00:03:03

Health: -1/36      AC:  2    Str: 20    XL:     4   Next: 22%
Magic:  4/4        EV:  9    Int:  7    God:    Trog [*.....]
Gold:   56         SH:  0    Dex: 12    Spells: 3/3 levels left

rFire   . . .      SeeInvis .   a - +0 mace
rCold   . . .      Faith    .   (no shield)
rNeg    . . .      Spirit   .   b - +0 animal skin
rPois   .          Reflect  .   (no helmet)
rElec   .          Harm     .   (no cloak)
rCorr   .          Rampage  .   (no gloves)
Will    .....                   (no boots)
Stlth   +.........              (no amulet)
HPRegen 0.12/turn               (no ring)
MPRegen 0.09/turn               (no ring)

@: constricted
A: no striking features
a: Renounce Religion, Berserk


You were on level 3 of the Dungeon.
You worshipped Trog.
Trog was aware of your devotion.
You visited 1 branch of the dungeon, and saw 3 of its levels.

You collected 56 gold pieces.

Inventory:

Hand Weapons
 a - a +0 mace (weapon)
Missiles
 h - 15 poisoned darts (quivered)
 i - 20 arrows
Armour
 b - a +0 animal skin (worn)
 k - a +0 robe
Scrolls
 c - a scroll of fog {unknown}
 e - 2 scrolls of identify {unknown}
 g - a scroll of blinking {unknown}
 j - a scroll of noise {unknown}
Potions
 d - a potion of ambrosia {unknown}
 f - 2 potions of curing {unknown}


   Skills:
 + Level 3.6 Fighting
 + Level 3.9 Maces & Flails
 + Level 2.0 Armour
 + Level 2.5 Dodging
 + Level 0.1 Stealth


You had 3 spell levels left.
You didn't know any spells.
Your spell library was empty.

Dungeon Overview and Level Annotations

Branches:
Dungeon (3/15)

Altars:


Message History

You escape the ball python's grasp.
The ball python bites you. The ball python grabs you.
You stop descending the stairs.
The ball python constricts you. The quokka bites you.
The ball python bites you. The hobgoblin hits you.
The frilled lizard bites you.
You escape the ball python's grasp.
The quokka bites you.
The ball python closely misses you. x2; The ball python bites you.
The ball python grabs you.
You stop descending the stairs.
The ball python constricts you. The hobgoblin completely misses you.
The frilled lizard closely misses you.
You escape the ball python's grasp.
The quokka barely misses you. The ball python closely misses you.
The ball python misses you. The hobgoblin misses you.
The frilled lizard bites you but does no damage.
The ball python bites you. The ball python misses you.
You climb downwards.
There is a stone staircase leading up, spattered with blood here.
You fail to use your ability.
The ball python closely misses you. The ball python barely misses you.
The ball python bites you. The ball python barely misses you.
The hobgoblin hits you.
* * * LOW HITPOINT WARNING * * *
The frilled lizard bites you.
* * * LOW HITPOINT WARNING * * *
You are too injured to fight recklessly!
You are too injured to fight recklessly!
Okay, then.
You closely miss the frilled lizard. The ball python bites you.
* * * LOW HITPOINT WARNING * * *
The ball python misses you.
The ball python bites you but does no damage.
The ball python closely misses you. The ball python misses you.
The ball python grabs you. The ball python constricts you.
* * * LOW HITPOINT WARNING * * *
The hobgoblin barely misses you. The frilled lizard bites you.
* * * LOW HITPOINT WARNING * * *
You sock the frilled lizard!
You kill the frilled lizard!
Trog accepts your kill. The ball python bites you.
You die...

#.........
.........##
#.........#
#......=..#
#.........#
#.........#
#!.....r..#
#....S†S#
##...g@##
#######


You could see a quokka, a hobgoblin and 2 ball pythons.

Vanquished Creatures
  A howler monkey (D:3)
  A dart slug (D:1)
  2 hobgoblins (D:1)
  2 jackals (D:1)
  3 quokkas (D:1)
  A ball python (D:1)
  3 bats (D:1)
  3 frilled lizards
  A kobold (D:1)
  2 rats
19 creatures vanquished.

Notes
Turn   | Place    | Note
-------+----------+-------------------------------------------
     0 | D:1      | halfoni the Human Berserker began the quest for the Orb.
     0 | D:1      | Reached XP level 1. HP: 18/18 MP: 1/1
   513 | D:1      | Found a faded altar of an unknown god.
   571 | D:1      | Reached XP level 2. HP: 15/24 MP: 2/2
  1247 | D:2      | Noticed a howler monkey
  1269 | D:3      | Killed a howler monkey
  1270 | D:3      | Reached XP level 3. HP: 10/29 MP: 3/3
  1270 | D:3      | Reached XP level 4. HP: 13/36 MP: 4/4
  1690 | D:3      | HP: 1/36 [frilled lizard (1)]
  1691 | D:3      | Slain by a ball python

Illustrated notes

Levels and vault maps discovered:
D:1:      minmay_arrival_open_corners, layout_rooms,
          ebering_ecumenical_altar_abandoned, hex_intersection
D:2:      layout_rooms, basic_altar, uniq_robin, uniq_crazy_yiuf_cottage
D:3:      layout_rooms, serial_shops, shop_fountains, grunt_decor_mini_mirrors

Action                   |  1- 3 |  4- 6 || total
-------------------------+-------+-------++-------
Melee: Mace              |    56 |     3 ||    59
Invok: Berserk           |     2 |       ||     2
Armor: Animal skin       |    11 |     3 ||    14
Dodge: Dodged            |    60 |    19 ||    79

Table legend: (Time is in decaauts)
 A = Elapsed time spent in this place.
 B = Non-inter-level travel time spent in this place.
 C = Inter-level travel time spent in this place.
 D = Time resting spent in this place.
 E = Time spent auto-exploring this place.
 F = Levels seen in this place.
 G = Mean time per level.
                   A        B        C        D        E       F      G
               +--------+--------+--------+--------+--------+-----+--------+
         Total |   1730 |   1730 |      0 |    963 |    315 |   3 |  576.7 |
       Dungeon |   1730 |   1730 |      0 |    963 |    315 |   3 |  576.7 |
               +--------+--------+--------+--------+--------+-----+--------+

Top non-repeatable levels by time:
     D:1: 1271 daAuts
     D:3: 436 daAuts
     D:2: 22 daAuts
